 Dungeon Crawl Stone Soup version 0.28.0-53-g5a82cb258f (webtiles) character file.

Game seed: 759227695493623181

899 Woods the Insei (level 8, -2/60 HPs)
             Began as a Gnoll Transmuter on May 22, 2022.
             Was a Follower of Cheibriados.
             Killed by nerve-wracking pain
             ... invoked by an orc priest
              (14 damage)
             ... on level 5 of the Dungeon on May 24, 2022.
             The game lasted 00:09:38 (6994 turns).

Woods the Insei (Gnoll Transmuter)                  Turns: 6994, Time: 00:09:39

Health: -2/60      AC:  5    Str: 12    XL:     8   Next: 7%
Magic:  16/16      EV: 14    Int: 18    God:    Cheibriados [*.....]
Gold:   211        SH:  0    Dex: 16    Spells: 12/18 levels left

rFire   . . .      SeeInvis .     - Unarmed
rCold   . . .      Faith    .   (no shield)
rNeg    . . .      Spirit   .   a - +0 robe
rPois   .          Reflect  .   (no helmet)
rElec   .          Harm     .   e - +0 cloak
rCorr   +          Rampage  .   t - +0 pair of gloves
Will    .....                   q - +0 pair of boots
Stlth   ++........              (no amulet)
HPRegen 0.20/turn               h - ring of resist corrosion
MPRegen 0.15/turn               (no ring)

@: very slow
A: fangs 1, strong nose, distributed training
a: Renounce Religion, Bend Time


You were on level 5 of the Dungeon.
You worshipped Cheibriados.
Cheibriados was aware of your devotion.
You visited 2 branches of the dungeon, and saw 6 of its levels.
You also visited: Sewer.

You collected 211 gold pieces.

Inventory:

Armour
 a - a +0 robe (worn)
 e - a +0 cloak (worn)
 q - a +0 pair of boots (worn)
 t - a +0 pair of gloves (worn)
Jewellery
 h - a ring of resist corrosion (left hand)
 v - an amulet of guardian spirit
Scrolls
 b - 3 scrolls of fog {unknown}
 c - 3 scrolls of identify
 k - 2 scrolls of enchant weapon {unknown}
 m - a scroll of enchant armour {unknown}
 o - a scroll of magic mapping {unknown}
 p - a scroll of torment {unknown}
 r - a scroll of amnesia {unknown}
 s - a scroll of immolation {unknown}
 u - a scroll of vulnerability {unknown}
Potions
 d - a potion of lignification {unknown}
 f - a potion of might {unknown}
 g - 2 potions of haste {unknown}
 i - 2 potions of degeneration {unknown}
 j - 3 potions of resistance
 l - a potion of curing {unknown}
 n - 3 potions of invisibility {unknown}


   Skills:
 + Level 3.9 Fighting
 + Level 2.9 Short Blades
 + Level 2.9 Long Blades
 + Level 2.9 Axes
 + Level 2.9 Maces & Flails
 + Level 2.9 Polearms
 + Level 2.9 Staves
 + Level 2.9 Slings
 + Level 2.9 Bows
 + Level 2.9 Crossbows
 + Level 2.9 Throwing
 + Level 2.9 Armour
 + Level 5.4 Dodging
 + Level 2.9 Stealth
 + Level 2.9 Shields
 + Level 7.2 Unarmed Combat
 + Level 5.8 Spellcasting
 + Level 2.3 Conjurations
 + Level 2.3 Hexes
 + Level 2.3 Summonings
 + Level 2.3 Necromancy
 + Level 2.3 Translocations
 + Level 4.5 Transmutations
 + Level 2.3 Fire Magic
 + Level 2.3 Ice Magic
 + Level 2.3 Air Magic
 + Level 2.3 Earth Magic
 + Level 2.3 Poison Magic
 + Level 3.2 Invocations
 + Level 2.9 Evocations


You had 12 spell levels left.
You knew the following spells:

 Your Spells              Type           Power      Damage    Failure   Level
a - Beastly Appendage     Tmut           42%        N/A       1%          1
b - Wereblood             Tmut           21%        N/A       2%          2
c - Spider Form           Tmut/Pois      17%        N/A       9%          3

Your spell library contained the following spells:

 Spells                   Type           Power      Damage    Failure   Level
 Ignite Poison            Fire/Tmut/Pois 16%        N/A       11%         3
 Mephitic Cloud           Conj/Pois/Air  13%        N/A       14%         3
 Ice Form                 Ice/Tmut       17%        N/A       28%         4
 Freezing Cloud           Conj/Ice/Air   6%         6-21      77%         5


Dungeon Overview and Level Annotations

Branches:
Dungeon (5/15)             Temple (1/1) D:4           Sewer (visited)

Altars:
Cheibriados
Dithmenos
Elyvilon
Fedhas
Hepliaklqana
Kikubaaqudgha
Nemelex Xobeh
Okawaru
Qazlal
Trog
Uskayaw
Vehumet
Wu Jian
Yredelemnul
Zin

Annotations:
D:5 exclusion: ice beast


Innate Abilities, Weirdness & Mutations

You have very sharp teeth.
Your uncanny sense of smell can sniff out nearby items.
Your experience applies equally to all skills.


Message History

You start resting.
HP restored.
An orc priest is nearby!
The orc priest shouts!
You hear a shout! x2
The orc priest hits you with a +0 trident.
You barely miss the orc priest.
The orc priest invokes the aid of Beogh against you.
Pain shoots through your body!
You completely miss the orc priest. You punch the orc priest.
The orc priest is lightly wounded.
The orc priest invokes the aid of Beogh against you.
Beogh smites you!
You barely miss the orc priest.
The orc priest is lightly wounded.
The orc priest hits you with a +0 trident.
Unknown command.
You barely miss the orc priest. You punch the orc priest.
You bite the orc priest, but do no damage.
The orc priest is lightly wounded.
You hit the orc priest but do no damage.
The orc priest is lightly wounded.
The orc priest hits you with a +0 trident.
You hit the orc priest but do no damage.
You bite the orc priest, but do no damage.
The orc priest is lightly wounded.
The orc priest calls down the wrath of Beogh upon you.
Beogh smites you!
* * * LOW HITPOINT WARNING * * *
You hit the orc priest but do no damage.
You punch the orc priest.
The orc priest is heavily wounded.
The orc priest calls down the wrath of Beogh upon you.
Beogh smites you!
* * * LOW HITPOINT WARNING * * *
Unknown command.
You hit the orc priest but do no damage.
The orc priest is heavily wounded.
The orc priest calls down the wrath of Beogh upon you.
Pain shoots through your body!
You die...

..#####.#.###.###.######
o.............# #.# #...
.####.#.#####.o #.# #.##
#.#.# ..# #.# # #.# ####
#.# #.# .# #.#
#.#####..######.##
#................>
#.####@##.##########.##
#..oo.##)# #.##
#.#######)# #... #.#
#### #.# #.# #.# #.# #.#


You could see an orc priest and an orc.

Vanquished Creatures
  2 phantoms
  A bullfrog (D:4)
  3 scorpions
  A water moccasin skeleton (D:5)
  A howler monkey (D:5)
  2 hounds (D:5)
  An orc priest (D:5)
  3 iguanas
  A bullfrog skeleton (D:5)
  3 orc wizards
  A hell rat (Sewer)
  A hound skeleton (D:4)
  4 adders
  2 river rats (Sewer)
  A shadow imp (D:5)
  A dart slug (D:1)
  9 orcs
  7 endoplasms
  A giant cockroach (D:3)
  6 goblins
  4 hobgoblins
  7 kobolds
  5 quokkas
  2 ball pythons (D:1)
  4 bats
  A frilled lizard (D:1)
  9 rats
83 creatures vanquished.

Notes
Turn   | Place    | Note
-------+----------+-------------------------------------------
     0 | D:1      | Woods the Gnoll Transmuter began the quest for the Orb.
     0 | D:1      | Reached XP level 1. HP: 17/17 MP: 6/6
   345 | D:1      | Reached XP level 2. HP: 23/23 MP: 7/7
   911 | D:1      | Found a faded altar of an unknown god.
  1106 | D:2      | Learned a level 2 spell: Wereblood
  1511 | D:2      | Reached XP level 3. HP: 28/28 MP: 7/9
  1622 | D:2      | Reached skill level 5 in Spellcasting
  1961 | D:3      | Reached skill level 1 in Invocations
  1971 | D:3      | Found a glowing drain.
  2114 | Sewer    | Entered a sewer
  2129 | Sewer    | Reached skill level 1 in Short Blades
  2129 | Sewer    | Reached skill level 1 in Long Blades
  2129 | Sewer    | Reached skill level 1 in Axes
  2129 | Sewer    | Reached skill level 1 in Maces & Flails
  2129 | Sewer    | Reached skill level 1 in Polearms
  2129 | Sewer    | Reached skill level 1 in Staves
  2129 | Sewer    | Reached skill level 1 in Slings
  2129 | Sewer    | Reached skill level 1 in Bows
  2129 | Sewer    | Reached skill level 1 in Crossbows
  2129 | Sewer    | Reached skill level 1 in Throwing
  2129 | Sewer    | Reached skill level 1 in Armour
  2129 | Sewer    | Reached skill level 1 in Stealth
  2129 | Sewer    | Reached skill level 1 in Shields
  2129 | Sewer    | Reached skill level 1 in Evocations
  2129 | Sewer    | Reached XP level 4. HP: 13/34 MP: 11/11
  2517 | Sewer    | Learned a level 3 spell: Spider Form
  2648 | Sewer    | Reached skill level 1 in Conjurations
  2648 | Sewer    | Reached skill level 1 in Hexes
  2648 | Sewer    | Reached skill level 1 in Summonings
  2648 | Sewer    | Reached skill level 1 in Necromancy
  2648 | Sewer    | Reached skill level 1 in Translocations
  2648 | Sewer    | Reached skill level 1 in Fire Magic
  2648 | Sewer    | Reached skill level 1 in Ice Magic
  2648 | Sewer    | Reached skill level 1 in Air Magic
  2648 | Sewer    | Reached skill level 1 in Earth Magic
  2648 | Sewer    | Reached skill level 1 in Poison Magic
  2989 | D:3      | Found a radiant altar of Vehumet.
  3119 | D:3      | Found a sparkling altar of Nemelex Xobeh.
  3221 | D:3      | Found a blossoming altar of Fedhas.
  3221 | D:3      | Found a hide-covered altar of Uskayaw.
  3232 | D:3      | Found a faded altar of an unknown god.
  3234 | D:3      | Found a faded altar of an unknown god.
  3235 | D:3      | Found a hazy altar of Hepliaklqana.
  3854 | D:3      | Reached XP level 5. HP: 40/40 MP: 12/12
  4173 | D:4      | Found a staircase to the Ecumenical Temple.
  4187 | Temple   | Entered the Ecumenical Temple
  4459 | Temple   | Became a worshipper of Cheibriados the Contemplative
  5040 | D:4      | Reached XP level 6. HP: 33/47 MP: 13/13
  5173 | D:4      | Reached skill level 5 in Dodging
  6219 | D:5      | Entered Level 5 of the Dungeon
  6219 | D:5      | Noticed an ice beast
  6286 | D:5      | Reached skill level 7 in Unarmed Combat
  6286 | D:5      | Reached XP level 7. HP: 38/52 MP: 11/15
  6290 | D:5      | Reached * piety under Cheibriados
  6867 | D:5      | Reached XP level 8. HP: 46/60 MP: 11/16
  6994 | D:5      | Killed from afar by an orc priest

Illustrated notes

Levels and vault maps discovered:
D:1:      saegor_arrival_under_anarchy, layout_basic,
          shapermc_ecumenical_altar_ellora, minivault_19, minmay_curled_crystal,
          minmay_pentomino_p2
D:2:      layout_basic
D:3:      layout_basic, mainiacjoe_overflow_boulevard,
          chequers_temple_overflow_minitemple,
          mainiacjoe_overflow_concentric_impassable, portal_sewer_entry_d,
          roderic_roman_lattice
D:4:      layout_basic, minmay_temple_entry_tees
D:5:      layout_loops_ring, grunt_ministairs_9
Temple:   dpeg_chambers_temple

Skill      XL: |  1  2  3  4  5  6  7 |
---------------+----------------------+-----
Spellcasting   | 5 |  5.8
Invocations    | 1 2 3 |  3.2
Short Blades   | 1 2 |  2.9
Long Blades    | 1 2 |  2.9
Axes           | 1 2 |  2.9
Maces & Flails | 1 2 |  2.9
Polearms       | 1 2 |  2.9
Staves         | 1 2 |  2.9
Slings         | 1 2 |  2.9
Bows           | 1 2 |  2.9
Crossbows      | 1 2 |  2.9
Throwing       | 1 2 |  2.9
Armour         | 1 2 |  2.9
Stealth        | 1 2 |  2.9
Shields        | 1 2 |  2.9
Evocations     | 1 2 |  2.9
Conjurations   | 1 2 |  2.3
Hexes          | 1 2 |  2.3
Summonings     | 1 2 |  2.3
Necromancy     | 1 2 |  2.3
Translocations | 1 2 |  2.3
Fire Magic     | 1 2 |  2.3
Ice Magic      | 1 2 |  2.3
Air Magic      | 1 2 |  2.3
Earth Magic    | 1 2 |  2.3
Poison Magic   | 1 2 |  2.3
Fighting       | 3 |  3.9
Transmutations | 4 |  4.5
Dodging        | 5 |  5.4
Unarmed Combat | 7 |  7.2

Action                   |  1- 3 |  4- 6 |  7- 9 || total
-------------------------+-------+-------+-------++-------
Melee: Unarmed           |    76 |   157 |    84 ||   317
       Kick              |    13 |    21 |     8 ||    42
       Bite              |     1 |    14 |     6 ||    21
       Headbutt          |     4 |    10 |     5 ||    19
       Punch             |     1 |     3 |     6 ||    10
 Cast: Beastly Appendage |    16 |    12 |     5 ||    33
       Spider Form       |       |     3 |     1 ||     4
       Wereblood         |       |     1 |       ||     1
  Use: Scroll            |       |     1 |       ||     1
 Stab: Sleeping          |     3 |       |       ||     3
       Distracted        |       |       |     1 ||     1
Armor: Robe              |    16 |    16 |    10 ||    42
       Skin              |       |     1 |       ||     1
Dodge: Dodged            |    48 |    89 |    39 ||   176
